 Dungeon Crawl Stone Soup version 0.23.2-1-ga50397a (webtiles) character file.

Game seed: 17834843710296851479

1534 MalarOregon the Grappler (level 8, -15/70 (75) HPs)
             Began as a Ghoul Gladiator on May 30, 2019.
             Was a Believer of Makhleb.
             Demolished by an orc warrior
             ... wielding a +0 dire flail
              (27 damage)
             ... on level 6 of the Dungeon.
             The game lasted 00:09:37 (5909 turns).

MalarOregon the Grappler (Ghoul Gladiator)          Turns: 5909, Time: 00:09:38

HP:   -15/70 (75)   AC:  4    Str: 20    XL:     8   Next: 86%
MP:   7/7           EV: 12    Int:  3    God:    Makhleb [**....]
Gold: 319           SH:  0    Dex: 10    Spells: 7/7 levels left

rFire    . . .     SeeInvis .     - Unarmed
rCold    + . .     Gourm    .   (no shield)
rNeg     + + +     Faith    .   a - +0 leather armour
rPois    ∞         Spirit   .   b - +0 helmet
rElec    .         Reflect  .   (no cloak)
rCorr    .         Harm     .   (no gloves)
MR       .....                  (no boots)
Stlth    ++........             (no amulet)
HPRegen  0.00/turn              g - ring of stealth
MPRegen  0.10/turn              (no ring)

@: rotting
A: rotting body, claws 1, carnivore, cold resistance 1, negative energy
resistance 3, inhibited regeneration, torment resistance, unbreathing
a: Minor Destruction, Renounce Religion


You were on level 6 of the Dungeon.
You worshipped Makhleb.
Makhleb was pleased with you.
You were not hungry.

You visited 1 branch of the dungeon, and saw 6 of its levels.
You also visited: Ossuary.

You collected 319 gold pieces.

Inventory:

Missiles
 c - 4 throwing nets (quivered) {!f}
Armour
 a - a +0 leather armour (worn)
 b - a +0 helmet (worn)
 w - a +2 cloak
   (You found it on level 4 of the Dungeon)
Jewellery
 g - a ring of stealth (left claw)
   (You found it on level 3 of the Dungeon)
 n - an uncursed amulet of the gourmand {unknown}
   (You found it on level 2 of the Dungeon)
Wands
 d - a wand of iceblast (7)
   (You found it on level 5 of the Dungeon)
Scrolls
 i - a scroll of magic mapping {unknown}
 j - 4 scrolls of remove curse {@r2}
 l - 3 scrolls of identify {unknown}
 m - 2 scrolls of enchant weapon
 o - 3 scrolls of amnesia {unknown}
 s - 3 scrolls of teleportation {unknown}
 t - 3 scrolls of blinking {unknown}
 u - a scroll of noise {unknown}
 v - a scroll of fog {unknown}
 x - a scroll of fear
Potions
 f - 4 potions of curing {unknown}
 h - 2 potions of flight {unknown}
 k - 3 potions of invisibility {unknown}
 p - a potion of lignification {unknown}
 q - 2 potions of resistance {unknown}
 r - 4 potions of haste {unknown}
 y - 2 potions of magic {unknown}
 z - 2 potions of degeneration {unknown}
 A - 3 potions of ambrosia {unknown}
 B - 2 potions of brilliance {unknown}
Comestibles
 e - 7 rations {!d}


   Skills:
 + Level 8.6 Fighting
 - Level 1.7 Throwing
 - Level 2.6 Dodging
 + Level 9.0 Unarmed Combat


You had 7 spell levels left.
You didn't know any spells.
Your spell library was empty.

Dungeon Overview and Level Annotations

Branches:
Dungeon (6/15)
 Temple: D:4-7

Altars:
Cheibriados
Elyvilon
Fedhas
Gozag
Kikubaaqudgha
Makhleb
Okawaru
Ru
Sif Muna
Vehumet
Xom

Annotations:
D:3 1 runed translucent door, Grendash's ghost, amateur HaHu


Innate Abilities, Weirdness & Mutations

Your body is rotting away.
You thrive on raw meat.
You are immune to poison.
You have sharp fingernails.
You are carnivorous and can eat meat at any time.
Your flesh is cold resistant. (rC+)
You are immune to negative energy. (rN+++)
You do not regenerate when monsters are visible.
You are immune to unholy pain and torment.
You can survive without breathing.


Message History

The orc wizard blinks!
The ice beast hits you. The ice beast freezes you. You resist.
You scratch the ice beast.
The orc priest looks satisfied for a moment.
The ice beast closely misses you.
You closely miss the ice beast.
The orc wizard hits you but does no damage.
The ice beast barely misses you.
You claw the ice beast!
You kill the ice beast!
Makhleb accepts your kill.
You feel better.
Your Unarmed Combat skill increases to level 9!
You feel your flesh rotting away.
The orc wizard hits you with a +0 dagger.
You claw the orc wizard!
You kill the orc wizard!
Makhleb accepts your kill.
You barely miss the orc warrior. The orc warrior closely misses you.
You scratch the orc warrior but do no damage.
The orc warrior hits you with a +0 dire flail!
You scratch the orc warrior but do no damage.
You scratch the orc warrior.
The orc warrior hits you with a +0 dire flail!!
* * * LOW HITPOINT WARNING * * *
You are too injured to fight recklessly!
You are too injured to fight recklessly!
Okay, then.
Things that are here:
a +0 dagger; a +0 robe; an orc corpse You butcher the orc corpse.
The orc warrior hits you with a +0 dire flail!
* * * LOW HITPOINT WARNING * * *
Items here: % ) [ ÷ a +0 dagger; a +0 robe; 4 chunks of flesh; an orc skeleton Eat one of 4 chunks of flesh? (ye/n/q)
You eat one of the 4 chunks of flesh.
You feel more resilient.
This raw flesh tastes great!
You are feeling hungry.
The orc warrior misses you.
Eat one of 3 chunks of flesh? (ye/n/q)
You eat one of the 3 chunks of flesh.
You feel more resilient.
This raw flesh tastes great!
The orc warrior hits you with a +0 dire flail!!
* * * LOW HITPOINT WARNING * * *
Eat one of 2 chunks of flesh? (ye/n/q)
You eat one of the 2 chunks of flesh.
You feel more resilient.
This raw flesh tastes great!
The orc warrior hits you with a +0 dire flail!!
You die...

.### #... #..# ####..#
..#..# #.# #.#####.#..####
... #...oo@.....>.### #.#
#..####.......... #.# #
###..##... #.# # #..# #.#
.# #..# #.### .#
####..####.. ######...#
..###.##........
.......#.##..##.....#####..
######.#.....###.######


You could see an orc warrior and an orc priest.

Vanquished Creatures
  A wraith (Ossuary)
  The ghost of Magicfruit the Sneak, an amateur FeMo of Okawaru (D:5)
  A sky beast (D:5)
  2 ice beasts
  2 phantoms
  An elf zombie (D:6)
  An elf skeleton (D:6)
  A scorpion (D:5)
  2 crimson imps (D:5)
  3 orc priests
  A human zombie (D:6)
  2 human skeletons (D:6)
  5 orc wizards
  A mummy (Ossuary)
  A worker ant zombie (D:5)
  8 gnolls (D:5)
  An adder (D:2)
  An adder skeleton (D:5)
  4 worms
  4 leopard geckos
  14 orcs
  A ball python (D:1)
  2 giant cockroaches
  9 goblins
  8 hobgoblins
  11 jackals
  5 kobolds
  2 quokkas
  A ball python skeleton (D:4)
  10 bats
  5 frilled lizards
  8 gnoll skeletons (Ossuary)
  2 kobold skeletons (Ossuary)
  16 orc skeletons
  A quokka skeleton (D:4)
  6 rats
144 creatures vanquished.

Notes
Turn   | Place    | Note
-------+----------+-------------------------------------------
     0 | D:1      | MalarOregon the Ghoul Gladiator began the quest for the
                  | Orb.
     0 | D:1      | Reached XP level 1. HP: 17/17 MP: 0/0
    73 | D:1      | Reached XP level 2. HP: 18/25 MP: 1/1
   400 | D:1      | HP: 1/25 [hobgoblin (4)]
   482 | D:1      | Reached XP level 3. HP: 27/31 MP: 2/2
   565 | D:1      | Reached skill level 4 in Unarmed Combat
  1109 | D:2      | Found an iron altar of Okawaru.
  1701 | D:2      | Reached XP level 4. HP: 31/38 MP: 3/3
  1838 | D:2      | Noticed a phantom
  1880 | D:2      | Killed a phantom
  1880 | D:2      | Reached skill level 5 in Unarmed Combat
  1880 | D:2      | Reached XP level 5. HP: 34/47 MP: 4/4
  1931 | D:2      | Found a radiant altar of Vehumet.
  1931 | D:2      | Found a burning altar of Makhleb.
  1943 | D:2      | Became a worshipper of Makhleb the Destroyer
  2116 | D:2      | Found a deep blue altar of Sif Muna.
  2117 | D:2      | Found an opulent altar of Gozag.
  2338 | D:3      | Found a runed translucent door.
  2339 | D:3      | Noticed Grendash's ghost (amateur HaHu)
  2958 | D:3      | Found a shimmering altar of Xom.
  3110 | D:4      | Found an ancient bone altar of Kikubaaqudgha.
  3112 | D:4      | Found a blossoming altar of Fedhas.
  3151 | D:4      | Noticed a phantom
  3169 | D:4      | Reached * piety under Makhleb
  3185 | D:4      | Reached skill level 5 in Fighting
  3185 | D:4      | Reached XP level 6. HP: 39/56 MP: 5/5
  3221 | D:4      | Killed a phantom
  3221 | D:4      | Reached skill level 6 in Unarmed Combat
  3544 | D:4      | Found a snail-covered altar of Cheibriados.
  3576 | D:4      | Reached XP level 7. HP: 61/62 MP: 6/6
  3724 | D:4      | Found a white marble altar of Elyvilon.
  3928 | D:5      | Entered Level 5 of the Dungeon
  4398 | D:5      | Found a sacrificial altar of Ru.
  4449 | D:5      | Reached skill level 7 in Unarmed Combat
  4466 | D:5      | Found a runed translucent gate.
  4466 | D:5      | Found a runed translucent gate.
  4466 | D:5      | Found a runed translucent gate.
  4466 | D:5      | Noticed Magicfruit's ghost (amateur FeMo)
  4734 | D:5      | Reached XP level 8. HP: 73/73 MP: 7/7
  5020 | D:5      | Killed Magicfruit's ghost
  5020 | D:5      | Reached skill level 8 in Unarmed Combat
  5249 | D:6      | Reached ** piety under Makhleb
  5266 | D:6      | Found a sand-covered staircase.
  5406 | Ossuary  | Entered an ossuary
  5406 | Ossuary  | Noticed a wraith
  5406 | Ossuary  | Noticed a wraith
  5406 | Ossuary  | Noticed a wraith
  5689 | Ossuary  | Noticed a wraith
  5696 | Ossuary  | Killed a wraith
  5899 | D:6      | Reached skill level 9 in Unarmed Combat
  5909 | D:6      | Demolished by an orc warrior

Skill      XL: |  1  2  3  4  5  6  7  8 |
---------------+-------------------------+-----
Fighting       | 3 4 5 7 8 |  8.6
Unarmed Combat | 4 5 6 7 9 |  9.0
Throwing       | |  1.7
Dodging        | |  2.6

Action                   |  1- 3 |  4- 6 |  7- 9 || total
-------------------------+-------+-------+-------++-------
Melee: Unarmed           |   133 |   192 |   204 ||   529
       Punch             |     2 |     7 |     3 ||    12
  Use: Scroll            |       |     4 |       ||     4
 Stab: Sleeping          |     1 |     1 |     6 ||     8
  Eat: Chunk             |    10 |    18 |     6 ||    34
       Ration            |     1 |       |       ||     1
Armor: Leather armour    |    28 |    35 |    25 ||    88
       Scale mail        |       |     2 |       ||     2
Dodge: Dodged            |    70 |    86 |    74 ||   230
